 Dungeon Crawl Stone Soup version 0.16.1-14-g82efdee (webtiles) character file.

204 KarvaRausku the Poker (level 5, -1/41 HPs)
             Began as a Merfolk Gladiator on Apr 11, 2015.
             Was an Initiate of Okawaru.
             Killed from afar by Blork the orc (8 damage)
             ... with a magic dart
             ... on level 4 of the Dungeon.
             The game lasted 00:09:29 (2925 turns).

KarvaRausku the Poker (Merfolk Gladiator)           Turns: 2925, Time: 00:09:29

Health: -1/41      AC:  8    Str: 16    XL:     5   Next: 82%
Magic:  5/5        EV: 14    Int:  8    God:    Okawaru [......]
Gold:   161        SH:  0    Dex: 18    Spells: 0 memorised, 4 levels left

rFire  . . .     SeeInvis .     a - +0 trident
rCold  . . .     Clarity  .     u - +0 ring mail {MR+}
rNeg   + + .     SustAb   .     (no shield)
rPois  .         Gourm    .     c - +0 helmet
rElec  .         Spirit   .     (no cloak)
rCorr  .         Warding  +     G - +0 pair of gloves
rMut   .         Stasis   .     l - +0 pair of boots
MR     +....                    y - amulet of warding
Stlth  +.........               v - +4 ring of dexterity
                                A - ring of positive energy

@: somewhat resistant to hostile enchantments, very unstealthy
A: change form in water, swift swim
a: Renounce Religion


You were on level 4 of the Dungeon.
You worshipped Okawaru.
Okawaru was noncommittal.
You were hungry.

You visited 1 branch of the dungeon, and saw 4 of its levels.

You collected 161 gold pieces.

Inventory:

Hand weapons
 a - a +0 trident (weapon)
Missiles
 d - a throwing net (quivered)
 j - 11 arrows of frost
Armour
 b - a +0 leather armour
 c - a +0 helmet (worn)
 g - a +0 leather armour
 l - a +0 pair of boots (worn)
 u - a +0 ring mail of magic resistance (worn)
 D - a +0 chain mail
 G - a +0 pair of gloves (worn)
Jewellery
 e - an uncursed amulet of clarity
 v - a +4 ring of dexterity (right hand)
 w - an uncursed ring of magical power
 y - an amulet of warding (around neck)
 A - a ring of positive energy (left hand)
Scrolls
 h - 3 scrolls of remove curse {unknown}
 k - a scroll of blinking {unknown}
 n - 5 scrolls of identify {unknown}
 s - a scroll of teleportation {unknown}
 t - 2 scrolls of amnesia {unknown}
 x - a scroll of enchant weapon {unknown}
 F - a scroll of random uselessness {unknown}
Potions
 i - a potion of ambrosia {unknown}
 m - 3 potions of mutation {unknown}
 o - a potion of magic {unknown}
 r - 4 potions of curing {unknown}
 z - a potion of brilliance {unknown}
Comestibles
 f - 3 bread rations
 p - a beef jerky
 q - a slice of pizza
 B - 6 chunks of flesh
 C - a meat ration
 E - a royal jelly
 H - 3 fruits


   Skills:
 + Level 3.2 Fighting
 + Level 7.9 Polearms
 - Level 2.0 Throwing
 + Level 4.8 Dodging


You had 4 spell levels left.
You didn't know any spells.

Dungeon Overview and Level Annotations

Branches:
Dungeon (4/15)
 Temple: D:4-7

Altars:
Fedhas
Kikubaaqudgha
Nemelex Xobeh
Okawaru
Xom
The Shining One

Annotations:
D:3 KarvaRausku's ghost, average MfGl
D:4 Blork the orc


Message History

Blork the orc hits you from afar with a halberd.
Blork the orc glows brightly for a moment.
Throwing (i - inventory):
d - 2 throwing nets (quivered)
Press: ? - help, Shift-Dir - straight line, f/p - Blork the orc
Aim: Blork the orc, wielding a halberd and wearing a robe (heavily wounded, fast)
Okay, then.
Throwing (i - inventory):
d - 2 throwing nets (quivered)
Press: ? - help, Shift-Dir - straight line, f/p - Blork the orc
Aim: Blork the orc, wielding a halberd and wearing a robe (heavily wounded, fast)
You throw a throwing net. The throwing net hits Blork the orc.
Blork the orc is caught in the net!
Blork the orc is heavily wounded.
Blork the orc struggles against the net.
Blork the orc gestures at you while chanting.
The magic dart hits you!
* * * LOW HITPOINT WARNING * * *
Blork the orc struggles against the net.
Blork the orc gestures at you while chanting.
The magic dart hits you!
You die...

##.# #.####..####.##
...# #.............#
#######......รท......#
#<...............#
##.######.#####..# #.#
#.# # #.#### #.# .#
#<...# #o#####..#####
#####.####
#....@.......# ......#
#######..##### #####.#
.# #.# # #.# #.# ###


You could see Blork the orc (caught).

Vanquished Creatures
  An ogre (D:4)
  A worker ant (D:4)
  4 adders
  An ooze (D:2)
  5 orcs
  3 ball pythons
  5 bats
  A bat skeleton (D:4)
  6 hobgoblins
  5 jackals
  A quokka (D:4)
  2 giant cockroaches (D:2)
  5 giant newts
  7 goblins
  3 kobolds
  8 rats
58 creatures vanquished.

Notes
Turn   | Place    | Note
--------------------------------------------------------------
     0 | D:1      | KarvaRausku, the Merfolk Gladiator, began the quest for the Orb.
     0 | D:1      | Reached XP level 1. HP: 16/16 MP: 1/1
   104 | D:1      | Reached skill level 5 in Polearms
   311 | D:1      | Reached XP level 2. HP: 22/22 MP: 2/2
   891 | D:2      | Reached skill level 6 in Polearms
   891 | D:2      | Reached XP level 3. HP: 23/27 MP: 3/3
   936 | D:2      | Found an ancient bone altar of Kikubaaqudgha.
   937 | D:2      | Found a blossoming altar of Fedhas.
  1576 | D:3      | Reached skill level 7 in Polearms
  1576 | D:3      | Reached XP level 4. HP: 26/33 MP: 4/4
  1642 | D:3      | Found a shimmering altar of Xom.
  1644 | D:3      | Found a sparkling altar of Nemelex Xobeh.
  1644 | D:3      | Noticed KarvaRausku's ghost (average MfGl)
  1680 | D:4      | Noticed Blork the orc
  2379 | D:3      | Found an iron altar of Okawaru.
  2391 | D:3      | Found a glowing golden altar of the Shining One.
  2396 | D:3      | Became a worshipper of Warmaster Okawaru
  2694 | D:4      | Noticed an ogre
  2712 | D:4      | Killed an ogre
  2712 | D:4      | Reached XP level 5. HP: 39/41 MP: 5/5
  2925 | D:4      | Killed from afar by Blork the orc

Action                   |  1- 3 |  4- 6 || total
-------------------------+-------+-------++-------
Melee: Trident           |   137 |   116 ||   253
Throw: Throwing net      |       |     2 ||     2
 Stab: Sleeping          |     1 |       ||     1
  Eat: Chunk             |     2 |     4 ||     6
